 Dungeon Crawl Stone Soup version 0.20-b1 (webtiles) character file.

289 George the Slasher (level 6, -5/52 HPs)
             Began as a Minotaur Fighter on May 18, 2017.
             Was an Initiate of Makhleb.
             Slain by a two-headed ogre
             ... wielding a +0 giant spiked club
              (7 damage)
             ... on level 4 of the Dungeon.
             The game lasted 00:04:16 (2645 turns).

George the Slasher (Minotaur Fighter)               Turns: 2645, Time: 00:04:16

Health: -5/52      AC: 15    Str: 22    XL:     6   Next: 9%
Magic:  5/5        EV:  4    Int:  5    God:    Makhleb [......]
Gold:   192        SH:  9    Dex: 10    Spells: 5/5 levels left

rFire    . . .     SeeInvis .   a - +0 long sword
rCold    . . .     Gourm    +   c - +0 shield
rNeg     . . .     Faith    .   j - +0 plate armour
rPois    .         Spirit   .   (helmet restricted)
rElec    .         Reflect  .   (no cloak)
rCorr    .         Harm     .   n - +0 pair of gloves
MR       .....                  w - +1 pair of boots
Stlth    ..........             s - amulet of the gourmand
Regen    0.2/turn               v - ring of wizardry
MPRegen  0.1/turn               (no ring)

@: no status effects
A: retaliatory headbutt, horns 2
a: Renounce Religion


You were on level 4 of the Dungeon.
You worshipped Makhleb.
Makhleb was noncommittal.
You were completely stuffed.

You visited 1 branch of the dungeon, and saw 4 of its levels.

You collected 192 gold pieces.

Inventory:

Hand Weapons
 a - a +0 long sword (weapon)
Armour
 c - a +0 shield (worn)
 j - a +0 plate armour (worn)
 n - a +0 pair of gloves (worn)
 w - a +1 pair of boots (worn)
Jewellery
 s - an amulet of the gourmand (around neck)
 v - a ring of wizardry (left hand)
Scrolls
 b - 2 scrolls of remove curse {unknown}
 e - 2 scrolls of fear {unknown}
 h - a scroll of noise {unknown}
 i - a scroll of teleportation {unknown}
 k - a scroll of identify
 l - 2 scrolls of amnesia {unknown}
 o - a scroll of enchant weapon {unknown}
 p - 2 scrolls of recharging {unknown}
 q - 4 scrolls of random uselessness {unknown}
Potions
 d - 2 potions of might
 g - 2 potions of curing
 r - 2 potions of haste
 t - a potion of ambrosia
 u - a potion of magic
Comestibles
 f - 2 bread rations
 m - 2 fruits
 x - a chunk of flesh


   Skills:
 + Level 4.0 Fighting
 * Level 7.0 Long Blades
 + Level 3.9 Armour
 + Level 0.9 Dodging
 + Level 3.9 Shields
 + Level 0.8 Invocations


You had 5 spell levels left.
You didn't know any spells.

Dungeon Overview and Level Annotations

Branches:
Dungeon (4/15)
 Temple: D:4-7

Altars:
Ashenzari
Makhleb
Qazlal


Innate Abilities, Weirdness & Mutations

You reflexively headbutt those who attack you in melee.
You have a pair of horns on your head.


Message History

You hit the two-headed ogre but do no damage.
The two-headed ogre is lightly wounded.
The centaur skeleton moves out of view.
You block the two-headed ogre's attack.
The two-headed ogre hits you with a giant club.
You hit the two-headed ogre.
The two-headed ogre is moderately wounded.
The two-headed ogre hits you with a giant spiked club!!
You block the two-headed ogre's attack.
You hit the two-headed ogre. You headbutt the two-headed ogre!
The two-headed ogre is heavily wounded.
You hit the two-headed ogre. You headbutt the two-headed ogre!
The two-headed ogre is severely wounded.
The two-headed ogre hits you with a giant spiked club!!
* * * LOW HITPOINT WARNING * * *
You block the two-headed ogre's attack.
You barely miss the two-headed ogre. You headbutt the two-headed ogre.
The two-headed ogre is severely wounded.
You block the two-headed ogre's attack.
The two-headed ogre hits you with a giant club!
You die...

##.........#
########..........#
.......#.#...<....#
.......#.#...####.##
.........##..## #..#
........#.....####.#
.......##......###s### .#
.......##.......##...##.#
...$....@....)#.###.....#
.(.....O###.....##.......
.............#..#........
.............#..#........
#####...O....#..#O.......
....%....#...s......?
#...........#<....####
..#......#........#
....#....#.....


You could see a two-headed ogre.

Vanquished Creatures
  An ogre (D:4)
  An orc priest (D:3)
  An orc wizard (D:2)
  Terence (D:2)
  An iguana (D:4)
  3 adders
  2 oozes
  3 worms (D:2)
  4 leopard geckos
  2 orcs
  2 giant cockroaches
  3 goblins
  8 hobgoblins
  3 jackals (D:3)
  A quokka (D:3)
  A ball python (D:3)
  2 bats (D:1)
  A frilled lizard (D:1)
  4 kobolds
  3 rats
47 creatures vanquished.

Notes
Turn   | Place    | Note
-------+----------+-------------------------------------------
     0 | D:1      | George the Minotaur Fighter began the quest for the Orb.
     0 | D:1      | Reached XP level 1. HP: 19/19 MP: 0/0
   142 | D:1      | Reached skill level 3 in Long Blades
   142 | D:1      | Reached XP level 2. HP: 16/26 MP: 1/1
   490 | D:2      | Reached skill level 4 in Long Blades
   567 | D:2      | Reached XP level 3. HP: 31/31 MP: 2/2
   700 | D:2      | Found a stormy altar of Qazlal.
   702 | D:2      | Found a shattered altar of Ashenzari.
   914 | D:2      | Found a faded altar of an unknown god.
  1365 | D:3      | Reached skill level 5 in Long Blades
  1493 | D:3      | Reached XP level 4. HP: 31/39 MP: 3/3
  1555 | D:3      | Noticed Terence
  1800 | D:2      | Killed Terence
  1800 | D:2      | Reached skill level 6 in Long Blades
  1811 | D:3      | Reached XP level 5. HP: 31/45 MP: 4/4
  1899 | D:3      | Found a burning altar of Makhleb.
  1906 | D:3      | Became a worshipper of Makhleb the Destroyer
  2251 | D:4      | Noticed a two-headed ogre
  2283 | D:4      | Noticed an ogre
  2510 | D:4      | Killed an ogre
  2510 | D:4      | Reached skill level 7 in Long Blades
  2510 | D:4      | Reached XP level 6. HP: 31/52 MP: 5/5
  2644 | D:4      | HP: 2/52 [two-headed ogre/giant spiked club (24)]
  2645 | D:4      | Slain by a two-headed ogre

Skill      XL: |  1  2  3  4  5 |
---------------+----------------+-----
Long Blades    | 3 4 5 6 7 |  7.0
Fighting       | 4 |  4.0
Armour         | |  3.9
Dodging        | |  0.9
Shields        | |  3.9
Invocations    | |  0.8

Action                   |  1- 3 |  4- 6 || total
-------------------------+-------+-------++-------
Melee: Long sword        |    83 |    62 ||   145
       Headbutt          |     9 |    12 ||    21
  Use: Scroll            |       |     4 ||     4
  Eat: Chunk             |    10 |    11 ||    21
Armor: Scale mail        |     9 |       ||     9
       Plate armour      |    39 |    23 ||    62
Dodge: Dodged            |    12 |     5 ||    17
Block: Shield            |    39 |    31 ||    70
       Rpst.: Long sword |     1 |     2 ||     3
